 Dungeon Crawl Stone Soup version 0.27.1-33-g824d729ab1 (webtiles) character file.

Game seed: 1243839547288693771

66 pkoi the Insei (level 3, -1/31 HPs)
             Began as a Draconian Monk on Dec 28, 2021.
             Frozen to death by an endoplasm (3 damage)
             ... on level 2 of the Dungeon.
             The game lasted 00:01:11 (1738 turns).

pkoi the Insei (Draconian Monk)                     Turns: 1738, Time: 00:01:12

Health: -1/31      AC:  5    Str: 13    XL:     3   Next: 96%
Magic:  3/3        EV: 12    Int: 11    God:
Gold:   63         SH:  0    Dex: 13    Spells: 2/2 levels left

rFire    . . .     SeeInvis .     - Unarmed
rCold    . . .     Faith    .   (no shield)
rNeg     . . .     Spirit   .   (armour unavailable)
rPois    .         Reflect  .   (helmet restricted)
rElec    .         Harm     .   (no cloak)
rCorr    .         Rampage  .   (no gloves)
Will     .....                  (no boots)
Stlth    ++........             (no amulet)
HPRegen  0.10/turn              (no ring)
MPRegen  0.08/turn              (no ring)

@: slowed, very slow
A: AC +5, unfitting armour, cold-blooded
a: no special abilities


You were on level 2 of the Dungeon.
You visited 1 branch of the dungeon, and saw 2 of its levels.

You collected 63 gold pieces.

Inventory:

Missiles
 b - 3 curare-tipped darts (quivered)
Scrolls
 a - a scroll of fear {unknown}
 c - a scroll of enchant weapon {unknown}
 e - a scroll of amnesia {unknown}
Potions
 d - 2 potions of heal wounds {unknown}


   Skills:
 - Level 3.2 Fighting
 - Level 2.6 Dodging
 - Level 1.7 Stealth
 + Level 4.9 Unarmed Combat


You had 2 spell levels left.
You didn't know any spells.
Your spell library contained the following spells:

 Spells                   Type           Power      Damage    Failure   Level
 Foxfire                  Conj/Fire      0%         2x1d4     34%         1
 Summon Small Mammal      Summ           0%         N/A       34%         1
 Call Canine Familiar     Summ           0%         N/A       71%         3
 Conjure Flame            Conj/Fire      0%         6-21      71%         3
 Inner Flame              Hex/Fire       0%         N/A       71%         3
 Summon Guardian Golem    Hex/Summ       0%         N/A       71%         3


Dungeon Overview and Level Annotations

Branches:
Dungeon (2/15)

Altars:

Annotations:
D:2 Natasha


Innate Abilities, Weirdness & Mutations

Your plain brown scales are hard. (AC +5)
You cannot fit into any form of body armour.
You are cold-blooded and may be slowed by cold attacks.


Message History

You are too injured to fight recklessly!
You are too injured to fight recklessly!
You are too injured to fight recklessly!
You are too injured to fight recklessly!
You are too injured to fight recklessly!
You are too injured to fight recklessly!
You are too injured to fight recklessly!
You are too injured to fight recklessly!
You are too injured to fight recklessly!
You are too injured to fight recklessly!
You are too injured to fight recklessly!
Unknown command.
You barely miss Natasha. Natasha claws you.
You hit Natasha.
You tail-slap Natasha, but do no damage.
Natasha is moderately wounded.
The endoplasm closely misses you.
Natasha stares at you and mumbles some strange words.
You resist with significant effort. The endoplasm barely misses you.
You hit Natasha.
Natasha is heavily wounded.
Natasha claws you. The endoplasm closely misses you.
Natasha stares at you and mumbles some strange words.
The magic dart hits you!
* * * LOW HITPOINT WARNING * * *
You hit Natasha but do no damage.
Natasha is heavily wounded.
The endoplasm barely misses you.
Natasha stares at you and mumbles some strange words.
The magic dart hits you!
* * * LOW HITPOINT WARNING * * *
You barely miss Natasha. You tail-slap Natasha.
Natasha is severely wounded.
The endoplasm hits you.
* * * LOW HITPOINT WARNING * * *
Natasha claws you.
* * * LOW HITPOINT WARNING * * *
The endoplasm freezes you.
You are frozen.
You die...

##.#.......##
##....#.....#
##...8....#..###
#.÷.....8...... .
#÷.).÷...###.### #^#
#...÷.÷.8...†..#...#
#÷.......###.....##
#_...÷.÷8###h.#....#
##########J@.........
#.........#...
.....#.##........
.............>....
....?.####.......
####.. #....... #.
....... #. ....


You could see Natasha and an endoplasm.

Vanquished Creatures
  Natasha (D:2)
  An adder (D:2)
  A bat (D:1)
  3 endoplasms
  A giant cockroach (D:1)
  4 hobgoblins (D:1)
  4 jackals (D:1)
  3 kobolds
  3 quokkas (D:1)
  3 ball pythons
  7 rats
31 creatures vanquished.

Notes
Turn   | Place    | Note
-------+----------+-------------------------------------------
     0 | D:1      | pkoi the Draconian Monk began the quest for the Orb.
     0 | D:1      | Reached XP level 1. HP: 19/19 MP: 1/1
   536 | D:1      | Reached XP level 2. HP: 26/26 MP: 2/2
   915 | D:1      | Reached skill level 4 in Unarmed Combat
  1422 | D:1      | Reached XP level 3. HP: 31/31 MP: 3/3
  1679 | D:2      | Found a faded altar of an unknown god.
  1689 | D:2      | Noticed Natasha
  1698 | D:2      | Killed Natasha
  1731 | D:2      | Noticed Natasha
  1738 | D:2      | Frozen to death by an endoplasm

Illustrated notes

Levels and vault maps discovered:
D:1:      psy_arrival_fountain, layout_basic, minmay_split_cup_large
D:2:      layout_rooms, shapermc_ecumenical_altar_pompeii, uniq_terence,
          uniq_natasha

Skill      XL: |  1  2 |
---------------+-------+-----
Unarmed Combat | 4 |  4.9
Fighting       | |  3.2
Dodging        | |  2.6
Stealth        | |  1.7

Action                   || total
-------------------------++-------
Melee: Unarmed           ||   122
       Tailslap          ||    17
       Punch             ||     3
 Stab: Sleeping          ||     3
Armor: Skin              ||    23
Dodge: Dodged            ||    82
